 Dungeon Crawl Stone Soup version 0.20-a0-1058-g0491fde (webtiles) character file.

683 JeffiDaFish the Magician (level 7, -2/51 HPs)
             Began as a Mummy Necromancer on Apr 26, 2017.
             Was an Initiate of Kikubaaqudgha.
             Slain by Menkaure (18 damage)
             ... on level 4 of the Dungeon.
             The game lasted 00:23:44 (4797 turns).

JeffiDaFish the Magician (Mummy Necromancer)        Turns: 4797, Time: 00:23:45

Health: -2/51      AC:  7    Str: 11    XL:     7   Next: 35%
Magic:  24/24      EV: 12    Int: 14    God:    Kikubaaqudgha [......]
Gold:   270        SH:  0    Dex: 15    Spells: 8/17 levels left

rFire    x . .     SeeInvis .   h - +4 short sword (freeze)
rCold    + . .     Gourm    .   (no shield)
rNeg     + + +     Faith    .   d - +0 ring mail
rPois    ∞         Spirit   .   (no helmet)
rElec    .         Reflect  .   (no cloak)
rCorr    .         Harm     .   g - +1 pair of gloves
MR       .....                  (no boots)
Stlth    +++.......             (no amulet)
Regen    0.2/turn               a - ring of stealth
MPRegen  0.2/turn               c - ring of magical power

@: no status effects
A: no food or potions, fire vulnerability, cold resistance 1, negative energy
resistance 3, torment resistance, unbreathing
a: Renounce Religion


You were on level 4 of the Dungeon.
You worshipped Kikubaaqudgha.
Kikubaaqudgha was noncommittal.
You were not hungry.

You visited 2 branches of the dungeon, and saw 7 of its levels.

You collected 270 gold pieces.

Inventory:

Hand Weapons
 h - a +4 short sword of freezing (weapon)
Armour
 d - a +0 ring mail (worn)
 g - a +1 pair of gloves (worn)
Jewellery
 a - a ring of stealth (left hand)
 c - a ring of magical power (right hand)
Scrolls
 i - a scroll of remove curse
 j - a scroll of recharging
Books
 b - a book of Necromancy

   Spells                             Type                      Level
   a - Pain                           Necromancy                   1
   b - Animate Skeleton               Necromancy                   1
   c - Vampiric Draining              Necromancy                   3
   d - Regeneration                   Charms/Necromancy            3
   e - Animate Dead                   Necromancy                   4
   f - Control Undead                 Necromancy                   4


   Skills:
 + Level 2.7 Fighting
 + Level 1.7 Short Blades
 * Level 3.3 Dodging
 + Level 2.6 Stealth
 - Level 0.1 Unarmed Combat
 * Level 5.5 Spellcasting
 * Level 5.4 Necromancy


You had 8 spell levels left.
You knew the following spells:

 Your Spells              Type           Power        Failure   Level  Hunger
a - Pain                  Necr           ###.         4%          1    N/A
b - Animate Skeleton      Necr           N/A          4%          1    N/A
c - Vampiric Draining     Necr           ###.......   13%         3    N/A
d - Animate Dead          Necr           N/A          38%         4    N/A

Dungeon Overview and Level Annotations

Branches:
Dungeon (6/15)             Temple (1/1) D:5

Altars:
Cheibriados
Dithmenos
Fedhas
Hepliaklqana
Kikubaaqudgha
Nemelex Xobeh
Okawaru
Qazlal
Sif Muna
Vehumet
Wu Jian
Yredelemnul
Zin

Annotations:
D:4 Menkaure, Sigmund


Innate Abilities, Weirdness & Mutations

You do not eat or drink.
Your flesh is vulnerable to fire.
You are immune to poison.
Your flesh is cold resistant. (rC+)
You are immune to negative energy. (rN+++)
You are immune to unholy pain and torment.
You can survive without breathing.


Message History

You can't see any susceptible monsters within range! (Use Z to cast anyway.)
There is a stone staircase leading down here.
You hit Menkaure.
Menkaure is lightly damaged.
Menkaure hits you!
You hit Menkaure. You freeze Menkaure.
Menkaure is moderately damaged.
Menkaure hits you!! Menkaure barely misses you. Menkaure hits you.
* * * LOW HITPOINT WARNING * * *
You can't drink.
Menkaure rustles, "Let me perform the rites..."
Menkaure closely misses you. Menkaure barely misses you.
Menkaure closely misses you. Menkaure hits you but does no damage.
Menkaure hits you!!
You die...
Kikubaaqudgha rasps: "You have failed me!
Welcome... oblivion!"

###.......# #..# ..#.#
.........# #.Z#.####.
#.......# #..#. #.
#.......# #..# .#
#..<....#####..#
#..............#
#.."....####..##
#.....#.....##.##
#.####.#.@..##.###.###.
..........M...[.........
###.####.......#.###.####
#.............#
####.......#(###.#
.....^....##.#
..........##.#
#######.####.# #.# #.#


You could see Menkaure.

Vanquished Creatures
  An ogre (D:5)
  2 bullfrogs
  Blork the orc (D:5)
  A howler monkey (D:4)
  A bullfrog zombie (D:5)
  3 orc wizards (D:5)
  An orc priest (D:3)
  A hound skeleton (D:5)
  5 adders (D:3)
  A gnoll (D:5)
  A howler monkey skeleton (D:5)
  2 shadow imps (D:5)
  An ooze (D:3)
  2 adder zombies (D:5)
  3 worms
  3 leopard geckos
  12 orcs
  5 giant cockroaches
  9 goblins
  9 hobgoblins
  6 jackals
  3 kobolds
  A ball python (D:5)
  5 bats
  A frilled lizard (D:2)
  3 rats
83 creatures vanquished.

Vanquished Creatures (collateral kills)
  A gnoll (D:5)
  A dart slug (D:2)
  A leopard gecko (D:5)
  4 orcs
  A bat (D:1)
  A giant cockroach (D:3)
  A hobgoblin (D:3)
  A jackal (D:1)
  A frilled lizard (D:3)
  A rat (D:1)
13 creatures vanquished.

Grand Total: 96 creatures vanquished

Notes
Turn   | Place    | Note
-------+----------+-------------------------------------------
     0 | D:1      | JeffiDaFish the Mummy Necromancer began the quest for the Orb.
     0 | D:1      | Reached XP level 1. HP: 13/13 MP: 4/4
    27 | D:1      | Learned a level 1 spell: Animate Skeleton
   515 | D:2      | Reached XP level 2. HP: 16/19 MP: 6/6
  1377 | D:2      | Reached XP level 3. HP: 22/25 MP: 3/7
  1384 | D:2      | Learned a level 3 spell: Vampiric Draining
  1966 | D:3      | Reached skill level 1 in Fighting
  2304 | D:3      | Found an ornate altar of the Wu Jian Council.
  2324 | D:3      | Reached XP level 4. HP: 32/32 MP: 1/9
  2467 | D:3      | Found a shadowy altar of Dithmenos.
  3038 | D:3      | Reached XP level 5. HP: 37/37 MP: 8/11
  3048 | D:3      | Learned a level 4 spell: Animate Dead
  3077 | D:3      | Reached skill level 1 in Short Blades
  3285 | D:4      | You fall through a shaft for 2 floors!
  3303 | D:5      | Entered Level 5 of the Dungeon
  3303 | D:5      | Noticed an ogre
  3383 | D:5      | Killed an ogre
  3383 | D:5      | Reached skill level 5 in Necromancy
  3383 | D:5      | Reached XP level 6. HP: 41/44 MP: 12/12
  3423 | D:5      | Found an iron altar of Okawaru.
  3556 | D:5      | Found a staircase to the Ecumenical Temple.
  3580 | Temple   | Entered the Ecumenical Temple
  3629 | Temple   | Became a worshipper of Kikubaaqudgha
  3697 | D:5      | Noticed Blork the orc
  3717 | D:5      | Killed Blork the orc
  3717 | D:5      | Reached skill level 5 in Spellcasting
  4022 | D:5      | Reached XP level 7. HP: 42/51 MP: 14/14
  4757 | D:4      | Noticed Menkaure
  4759 | D:4      | Noticed Sigmund
  4797 | D:4      | Slain by Menkaure

Vault maps used:
D:1:      dpeg_arrival_fog
D:3:      overflow_temple_1_default, overflow_temple_1_default, serial_glass,
          glass_columns_b, glass_columns_a, minmay_strange_pillars, first_bread
D:4:      nicolae_gozag_cash_rules_everything_around_me, marbit_many_paths,
          uniq_sigmund, uniq_menkaure
D:5:      okawaru_altar_gauntlet_db, minmay_temple_entry_glass,
          hangedman_minor_gate_pass, uniq_blork_the_orc
D:6:      serial_shops, shop, kennysheep_cluttered_room, uniq_edmund
Temple:   cyrus_temple_forest

Skill      XL: |  1  2  3  4  5  6 |
---------------+-------------------+-----
Spellcasting   | 3 4 5 |  5.5
Fighting       | 1 2 |  2.7
Dodging        | 2 3 |  3.3
Short Blades   | 1 |  1.7
Stealth        | 2 |  2.6
Necromancy     | 5 |  5.4
Unarmed Combat | |  0.1

Action                   |  1- 3 |  4- 6 |  7- 9 || total
-------------------------+-------+-------+-------++-------
Melee: Unarmed           |    26 |       |       ||    26
       Short sword       |    59 |    93 |    43 ||   195
 Cast: Pain              |    64 |    44 |     6 ||   114
       Animate Skeleton  |    18 |     8 |     1 ||    27
       Vampiric Draining |     2 |     6 |     1 ||     9
       Animate Dead      |       |     8 |     6 ||    14
  Use: Scroll            |     8 |     5 |     1 ||    14
 Stab: Sleeping          |     1 |     2 |     1 ||     4
Armor: Robe              |    27 |       |       ||    27
       Leather armour    |     8 |    25 |    11 ||    44
       Ring mail         |       |       |     2 ||     2
Dodge: Dodged            |    95 |    73 |    25 ||   193
